 Dungeon Crawl Stone Soup version 0.31-a0-1576-ga3383bade6 (webtiles) character file.

Game seed: 10555960812495498093

116 wildpjah the Changeling (level 5, -1/38 HPs)
             Began as a Merfolk Shapeshifter on Jan 4, 2024.
             Killed by nerve-wracking pain
             ... invoked by an orc priest
              (5 damage)
             ... on level 2 of the Dungeon.
             The game lasted 00:05:28 (2632 turns).

wildpjah the Changeling (Merfolk Shapeshifter)      Turns: 2632, Time: 00:05:29

Health: -1/38      AC:  2    Str: 14    XL:     5   Next: 1%
Magic:  1/5        EV: 13    Int: 10    God:
Gold:   80         SH:  0    Dex: 15    Spells: 2/4 levels left

rFire   . . .        k - +0 short sword
rCold   . . .        (no shield)
rNeg    + . .        a - +0 animal skin
rPois   .            (helmet currently unavailable)
rElec   .            (cloak currently unavailable)
rCorr   .            (gloves currently unavailable)
SInv    .            (boots currently unavailable)
Will    .....        (no amulet)
Stlth   +            n - ring of wizardry
HPRegen 0.26/turn    t - ring of positive energy
MPRegen 0.09/turn

%: wizardry (x1)
@: beast-form, very slightly contaminated
A: beast (slay +2), (nimble swimmer 2), mertail
a: Begin Untransformation


You were on level 2 of the Dungeon.
You were a hulking beast.
You visited 1 branch of the dungeon, and saw 3 of its levels.

You collected 80 gold pieces.

Inventory:

Hand Weapons
 k - a +0 short sword (weapon)
 u - a +0 falchion
Missiles
 j - 20 stones
 r - 5 boomerangs
Armour
 a - a +0 animal skin (worn)
 v - a +0 leather armour
Jewellery
 n - a ring of wizardry (left hand)
 t - a ring of positive energy (right hand)
Talismans
 c - a beast talisman
 d - a flux talisman
 p - a granite talisman
Wands
 b - a wand of light (4) (quivered)
Scrolls
 h - a scroll of revelation {unknown}
 q - a scroll of vulnerability {unknown}
 w - a scroll of poison {unknown}
Potions
 f - a potion of haste {unknown}
 g - a potion of heal wounds {unknown}
 i - a potion of attraction {unknown}
 l - a potion of invisibility {unknown}
 m - 2 potions of might {unknown}
 o - a potion of degeneration {unknown}
 s - a potion of curing {unknown}


   Skills:
 + Level 1.9 Fighting
 + Level 0.6 Short Blades
 + Level 0.1 Throwing
 * Level 3.6 Dodging
 + Level 0.2 Stealth
 + Level 4.7 Unarmed Combat
 + Level 4.7 Shapeshifting


You had 2 spell levels left.
You knew the following spells:

 Your Spells              Type           Power      Damage    Failure   Level
a - Ensorcelled Hibernat  Hex/Ice        0%         N/A       22%         2

Your spell library contained the following spells:

 Spells                   Type           Power      Damage    Failure   Level
 Freeze                   Ice            0%         1d3       16%         1
 Frozen Ramparts          Ice            0%         1d1       41%         3
 Hailstorm                Conj/Ice       0%         3d5       41%         3
 Passwall                 Erth           0%         N/A       41%         3
 Swiftness                Air            0%         N/A       41%         3


Dungeon Overview and Level Annotations

Branches:
Dungeon (3/15)

Altars:


Innate Abilities, Weirdness & Mutations

You are a hulking beast.
Your limbs bulge with bestial killing power. (Slay +2)
((You are very nimble when in or above water. (Stealth+, EV+, Speed+++)))
Your lower body shifts to a powerful aquatic tail in water.


Message History

You climb upwards.
There is a stone staircase leading down here.
Aiming: Ensorcelled Hibernation (safe; 22% risk of failure)
Press: ? - help, Q - select action, (/) - cycle Shift-Dir - straight line, f - orc priest
Aim: an orc priest, wielding a +0 trident (chance to affect: 32%)
You miscast Ensorcelled Hibernation.
You are very lightly contaminated with residual magic.
Nothing appears to happen.
The orc priest mumbles some strange prayers to Beogh against you.
Beogh smites you!
Aiming: Ensorcelled Hibernation (safe; 22% risk of failure)
Press: ? - help, Q - select action, (/) - cycle Shift-Dir - straight line, f/p - orc priest
Aim: an orc priest, wielding a +0 trident (chance to affect: 32%)
You miscast Ensorcelled Hibernation.
Nothing appears to happen.
The orc priest hits you with a +0 trident!
Unknown command.
You hit the orc priest but do no damage.
The orc priest barely misses you. The orc priest closely misses you.
You hit the orc priest but do no damage.
The orc priest hits you with a +0 trident!
* * * LOW HITPOINT WARNING * * *
Aiming: Bolt of Light
Press: ? - help, Q - select action, (/) - cycle Shift-Dir - straight line, f/p - orc priest
Aim: an orc priest, wielding a +0 trident (71% to hit)
The bolt of light hits the orc priest!
The orc priest is heavily wounded.
The orc priest is blinded.
The orc priest mumbles some strange prayers to Beogh against you.
Pain shoots through your body!
* * * LOW HITPOINT WARNING * * *
Aiming: Bolt of Light
Press: ? - help, Q - select action, (/) - cycle Shift-Dir - straight line, f/p - orc priest
Aim: an orc priest, wielding a +0 trident (heavily wounded, blind, unable to see you, 71% to hit)
Okay, then.
k - a +0 short sword (weapon)
You hit the orc priest.
The orc priest is almost dead.
The orc priest calls down the wrath of Beogh upon you.
Pain shoots through your body!
You die...

#.# #.#.##.##.#.# #.#
#.#.#.....#.# #.###
#)#.#..#.##.# ....#
#.#....#.##.#
#.#.###)###..#.##.#
#.#..........#.##[#
#.####.####.##.##.#
..##...#<##.##.##.#
................ho#
####.###.##.......#####
####.# #.#####.)......#
...#.###.## ##..####.#
...#......# #....###.#
...######## #........#
...# ###...##########
...# ##..............#
...# #..#<##########.#


You could see an orc priest (blind, unable to see you).

Vanquished Creatures
  An orc wizard (D:3)
  Robin (D:2)
  A gnoll (D:3)
  2 adders (D:2)
  A ribbon worm (D:2)
  2 dart slugs
  An orc (D:2)
  6 ball pythons
  3 endoplasms
  A giant cockroach (D:3)
  8 goblins
  3 hobgoblins
  2 jackals (D:2)
  A quokka (D:2)
  3 bats
  7 kobolds
  5 rats
48 creatures vanquished.

Notes
Turn   | Place    | Note
-------+----------+-------------------------------------------
     0 | D:1      | wildpjah the Merfolk Shapeshifter began the quest for the
                  | Orb.
     0 | D:1      | Reached XP level 1. HP: 15/15 MP: 1/1
   416 | D:1      | Reached XP level 2. HP: 20/21 MP: 2/2
   487 | D:1      | Found a faded altar of an unknown god.
  1248 | D:2      | Reached XP level 3. HP: 26/26 MP: 3/3
  1483 | D:2      | Noticed Robin
  1496 | D:2      | Killed Robin
  1564 | D:2      | Reached XP level 4. HP: 33/33 MP: 4/4
  1672 | D:2      | Learned a level 2 spell: Ensorcelled Hibernation
  2499 | D:3      | Reached XP level 5. HP: 26/38 MP: 5/5
  2632 | D:2      | Killed from afar by an orc priest

Illustrated notes

Levels and vault maps discovered:
D:1:      evilmike_arrival_crescent, layout_loops_corners,
          shapermc_ecumenical_altar_flowoftime, nicolae_wormholes
D:2:      layout_basic, uniq_robin
D:3:      layout_basic, uniq_crazy_yiuf_cottage

Skill      XL: |  1  2  3 |
---------------+----------+-----
Dodging        | 3 |  3.6
Unarmed Combat | 4 |  4.7
Fighting       | |  1.9
Short Blades   | |  0.6
Throwing       | |  0.1
Stealth        | |  0.2
Shapeshifting  | |  4.7

Action                     |  1- 3 |  4- 6 || total
---------------------------+-------+-------++-------
  Melee: Unarmed           |    79 |       ||    79
         Short sword       |    20 |    42 ||    62
         Punch             |     2 |     1 ||     3
         Falchion          |       |    14 ||    14
  Throw: Stone             |    10 |       ||    10
         Dart              |       |     6 ||     6
   Cast: Ensorcelled Hiber |       |     2 ||     2
  Evoke: Wand              |       |     1 ||     1
    Use: Potion            |     1 |       ||     1
 Armour: Animal skin       |    28 |    28 ||    56
         Skin              |    21 |       ||    21
         Leather armour    |       |     7 ||     7
  Dodge: Dodged            |    56 |    46 ||   102

Table legend: (Time is in decaauts)
 A = Elapsed time spent in this place.
 B = Non-inter-level travel time spent in this place.
 C = Inter-level travel time spent in this place.
 D = Time resting spent in this place.
 E = Time spent auto-exploring this place.
 F = Levels seen in this place.
 G = Mean time per level.
                   A        B        C        D        E       F      G
               +--------+--------+--------+--------+--------+-----+--------+
         Total |   2628 |   2490 |    138 |    105 |   1911 |   3 |  876.0 |
       Dungeon |   2628 |   2490 |    138 |    105 |   1911 |   3 |  876.0 |
               +--------+--------+--------+--------+--------+-----+--------+

Top non-repeatable levels by time:
     D:1: 1113 daAuts
     D:2: 1112 daAuts
     D:3: 402 daAuts
